Map: Ice and Chrome LE

Players

Napalm - Winner!

  • Race: Zerg Zerg
  • League: Master
  • Spawn Location: 7:00

barcode

  • Race: Protoss Protoss
  • League: Master
  • Spawn Location: 1:00

VOD

Have the link to the VOD?

Description

possible boosted accnt? or wierd AI/alphastar thing

Time

  • Played on: Aug. 9, 2020, 9:23 p.m.
  • Length: 6:22
Show
View Real Time Build Order
Export as new Build Order

Napalm Zerg - Winner!

Build Orders: Hatch First 

Get SALT Encoding   

  12  0:00  Drone  
  13  0:09  Drone  
  14  0:16  Extractor, Drone  
  15  0:38  Hatchery  
  14  0:43  Extractor  
  14  0:44  Drone  
  15  0:57  Spawning Pool  
  15  1:03  Extractor, Drone  
  15  1:08  Overlord  
  15  1:27  Drone  
  15  1:31  Drone  
  17  1:44  Zergling x4  
  17  1:46  Queen  
  21  1:50  Zergling x4  
  21  1:52  Queen  
  25  2:00  Zergling x2  
  26  2:04  Extractor  
  26  2:05  Drone  
  26  2:13  Drone  
  26  2:14  Drone  
  28  2:26  Overlord  
  28  2:43  Queen  
  32  2:44  Drone x4  
  32  2:49  Spore Crawler  
  33  2:52  Spore Crawler, Drone  
  33  3:00  Spine Crawler  
  33  3:05  Spine Crawler  
  31  3:07  Drone  
  32  3:15  Metabolic Boost  
  32  3:20  Drone x2  
  34  3:28  Drone x2  
  34  3:32  Overlord  
  36  3:49  Queen  
  38  4:00  Drone x6  
  44  4:10  Spine Crawler  
  44  4:13  Queen  
  44  4:14  Spine Crawler  
  44  4:21  Overlord  
  44  4:39  Drone  
  44  4:40  Drone x6  
  44  4:41  Drone  
  44  4:44  Overlord  
  52  4:53  Overlord  
  52  5:02  Queen  
  53  5:08  Overlord  
  53  5:11  Zergling x18  
  62  5:18  Overlord  
  62  5:20  Extractor  
  61  5:21  Lair  
  61  5:26  Drone x4  
  65  5:31  Spore Crawler  
  65  5:35  Spore Crawler, Drone x2  
  65  5:40  Overlord  
  65  5:41  Extractor, Drone  
  65  5:42  Drone  
  66  5:43  Extractor  
  63  5:57  Overlord  
  63  5:59  Drone x2  
  63  6:00  Drone  
Show
View Real Time Build Order
Export as new Build Order

barcode Protoss 

Build Orders: 1 Gate Expand 

Get SALT Encoding   

  12  0:00  Probe  
  13  0:12  Probe  
  14  0:18  Pylon  
  14  0:24  Probe (Chrono Boost)  
  15  0:36  Probe (Chrono Boost)  
  15  0:38  Gateway  
  16  0:45  Probe (Chrono Boost)  
  16  0:47  Assimilator  
  17  0:51  Probe  
  18  1:03  Probe  
  19  1:15  Probe  
  20  1:23  Nexus  
  20  1:28  Probe  
  21  1:36  Cybernetics Core  
  21  1:40  Probe  
  21  1:45  Pylon  
  22  1:50  Assimilator  
  23  1:59  Assimilator  
  22  2:09  Pylon  
  22  2:13  Probe  
  22  2:29  Gateway  
  22  2:38  Pylon x2  
  22  2:45  Probe  
  23  2:53  Pylon  
  23  3:10  Gateway  
    3:58  Zealot (Chrono Boost)  
  2  4:07  Probe (Chrono Boost)  
  3  4:19  Pylon  
  2  5:14  Probe (Chrono Boost)  
Tags
 
Add a new tag
Caveats
  • Supply blocks, unpowered buildings, or Contaminate may cause inaccurate times.
  • Supply counts are checked every 10 seconds.